 Dungeon Crawl Stone Soup version 0.24.0-13-gcf9b3192b9 (webtiles) character file.

Game seed: 9200279123107782380, levelgen mode: deterministic

74 Esekla the Charmwright (level 4, -5/25 HPs)
             Began as a Deep Elf Skald on Nov 6, 2019.
             Killed from afar by an orc wizard (9 damage)
             ... with a magic dart
             ... on level 3 of the Dungeon.
             The game lasted 00:16:08 (2261 turns).

Esekla the Charmwright (Deep Elf Skald)             Turns: 2261, Time: 00:16:08

Health: -5/25      AC:  3    Str: 11    XL:     4   Next: 10%
Magic:  8/10       EV: 13    Int: 18    God:
Gold:   138        SH:  0    Dex: 15    Spells: 0/9 levels left

rFire    . . .     SeeInvis .   a - +0 falchion
rCold    . . .     Gourm    .   (no shield)
rNeg     + . .     Faith    .   b - +0 leather armour
rPois    .         Spirit   .   (no helmet)
rElec    .         Reflect  .   (no cloak)
rCorr    .         Harm     .   (no gloves)
MR       .....                  (no boots)
Stlth    +.........             (no amulet)
HPRegen  0.08/turn              j - ring of positive energy
MPRegen  0.12/turn              p - +3 ring of strength

@: singing (expiring)
A: no striking features
a: no special abilities


You were on level 3 of the Dungeon.
You were very hungry.

You visited 1 branch of the dungeon, and saw 3 of its levels.

You collected 138 gold pieces.

Inventory:

Hand Weapons
 a - a +0 falchion (weapon)
Missiles
 h - 7 poisoned darts (quivered)
Armour
 b - a +0 leather armour (worn)
 n - a +0 ring mail of cold resistance
Jewellery
 j - a ring of positive energy (left hand)
 p - a +3 ring of strength (right hand)
Scrolls
 i - a scroll of immolation
Potions
 c - a potion of flight {unknown}
 e - a potion of lignification
 f - a potion of agility
 g - 2 potions of curing {unknown}
 k - a potion of might {unknown}
 l - 2 potions of brilliance
 m - a potion of magic
 o - a potion of haste {unknown}
Comestibles
 d - 6 rations


   Skills:
 - Level 1.5 Fighting
 + Level 3.5 Long Blades
 + Level 1.2 Armour
 + Level 2.9 Dodging
 * Level 3.0 Spellcasting
 * Level 0.1 Conjurations
 * Level 0.4 Hexes
 + Level 4.4 Charms
 + Level 0.3 Translocations


You couldn't memorise any spells.
You knew the following spells:

 Your Spells              Type           Power        Failure   Level  Hunger
a - Infusion              Chrm           ###.         3%          1    None
b - Shroud of Golubria    Chrm/Tloc      ##....       12%         2    ##.....
c - Song of Slaying       Chrm           ###.....     5%          2    ##.....
d - Magic Dart            Conj           #...         21%         1    None
e - Spectral Weapon       Hex/Chrm       ##......     24%         3    ###....

Your spell library contained the following spells:

 Spells                   Type           Power        Failure   Level  Hunger
 Regeneration             Chrm/Necr      ##........   26%         3    ###....
 Blink                    Tloc           N/A          28%         2    ##.....
 Slow                     Hex            #.......     28%         2    ##.....
 Call Imp                 Summ           #.......     32%         2    ##.....
 Conjure Flame            Conj/Fire      #.......     54%         3    ###....
 Mephitic Cloud           Conj/Pois/Air  #.......     54%         3    ###....


Dungeon Overview and Level Annotations

Branches:
Dungeon (3/15)

Altars:
Ru
Sif Muna


Message History

The orc wizard is no longer moving quickly.
The orc wizard completely misses you.
The orc wizard hits you with a +0 dagger.
You closely miss the orc wizard. The orc wizard closely misses you.
You riposte.
You hit the orc wizard.
The orc wizard is moderately wounded.
You closely miss the orc wizard.
The orc wizard is moderately wounded.
The orc wizard gestures at you while chanting.
The magic dart hits you.
* * * LOW HITPOINT WARNING * * *
You completely miss the orc wizard.
The orc wizard is moderately wounded.
The orc wizard hits you but does no damage.
You miss the orc wizard.
The orc wizard is moderately wounded.
Your song is almost over.
The orc wizard points at you and mumbles some strange words.
The magic dart hits you!
You die...

# #.# # #.# ## ##.## ###.
##...## ##... #######....[
### ...## #.###..........#
... ####)
#.......§.#.#.######.#####
...##
#####.###.#.#oo@.........#
##... #.#
#.....####.###### ###. #o#
###.#.# #...# ## #o.
##########≈..# #
#####≈≈........≈.# #
#...#≈_.≈.≈.≈.≈..#
#.###≈≈........≈##
####.############≈.#
#..†.........#.###.###


You could see an orc wizard and an orc.

Vanquished Creatures
  2 adders
  2 leopard geckos
  2 orcs
  8 bats
  2 giant cockroaches
  8 goblins
  7 hobgoblins
  2 jackals (D:2)
  6 kobolds
  A quokka (D:2)
  A ball python (D:1)
  2 frilled lizards
  3 rats
46 creatures vanquished.

Notes
Turn   | Place    | Note
-------+----------+-------------------------------------------
     0 | D:1      | Esekla the Deep Elf Skald began the quest for the Orb.
     0 | D:1      | Reached XP level 1. HP: 12/12 MP: 6/6
   211 | D:1      | Reached XP level 2. HP: 15/16 MP: 8/8
   222 | D:1      | Learned a level 2 spell: Shroud of Golubria
   225 | D:1      | Learned a level 2 spell: Song of Slaying
   620 | D:2      | Reached skill level 1 in Armour
   631 | D:1      | Reached XP level 3. HP: 4/20 MP: 6/9
  1220 | D:1      | Learned a level 3 spell: Spectral Weapon
  1286 | D:2      | Found a shimmering blue altar of Sif Muna.
  1961 | D:3      | Reached XP level 4. HP: 25/25 MP: 10/10
  2120 | D:3      | Learned a level 1 spell: Magic Dart
  2211 | D:3      | Found a sacrificial altar of Ru.
  2261 | D:3      | Killed from afar by an orc wizard

Levels and vault maps discovered:
D:1:      onia_arrival_pentagram, layout_rooms, amethyst_killhole
D:2:      layout_rooms, led_sif_pool, first_ration, serial_park_tiny_1
D:3:      minmay_general_purpose_star, layout_loops_corners,
          nicolae_ru_path_of_blood, chequers_ecumenical_altar_twisty,
          portal_sewer_entry_d

Skill      XL: |  1  2  3 |
---------------+----------+-----
Long Blades    | 2 3 |  3.5
Armour         | 1 |  1.2
Fighting       | |  1.5
Dodging        | |  2.9
Spellcasting   | |  3.0
Conjurations   | |  0.1
Hexes          | |  0.4
Charms         | |  4.4
Translocations | |  0.3

Action                   |  1- 3 |  4- 6 || total
-------------------------+-------+-------++-------
Melee: Falchion          |   139 |    28 ||   167
 Cast: Infusion          |     5 |       ||     5
       Shroud of Golubri |     8 |     1 ||     9
       Spectral Weapon   |     1 |       ||     1
       Magic Dart        |       |     1 ||     1
       Song of Slaying   |       |     1 ||     1
  Use: Scroll            |     4 |     2 ||     6
 Stab: Sleeping          |       |     1 ||     1
  Eat: Chunk             |     4 |       ||     4
Armor: Leather armour    |    33 |    11 ||    44
Dodge: Dodged            |    93 |    17 ||   110
       Rpst.: Falchion   |    25 |     3 ||    28
